 Dungeon Crawl Stone Soup version 0.31-a0-1608-g7d6f0ae (webtiles) character file.

Game seed: 10230483619048572882

5481 PidgeyThePirate the Thaumaturge (level 10, -2/53 HPs)
             Began as a Deep Elf Earth Elementalist on Jan 8, 2024.
             Was a Priest of Vehumet.
             Slain by a hornet (4 damage)
             ... on level 9 of the Dungeon.
             The game lasted 00:30:40 (8196 turns).

PidgeyThePirate the Thaumaturge (DEEE)              Turns: 8196, Time: 00:30:40

Health: -2/53      AC:  9    Str:  9    XL:     10   Next: 42%
Magic:  24/28      EV: 11    Int: 21    God:    Vehumet [***...]
Gold:   433        SH:  0    Dex: 15    Spells: 25/34 levels left

rFire   + + .        C - +3 sling
rCold   + . .        L - orb {*channel}
rNeg    . . .        g - +2 ring mail {rF+}
rPois   +            (no helmet)
rElec   .            D - scarf {rC+ rF+}
rCorr   .            (no gloves)
SInv    .            o - +0 pair of boots
Will    +....        z - amulet of the acrobat
Stlth   ++           d - ring of poison resistance
HPRegen 0.28/turn    (no ring)
MPRegen 0.21/turn

%: acrobat, clarity, channel magic (20%)
@: lethally poisoned (-2 -> -5), slowed, very slow
A: clarity, persistent drain
a: Renounce Religion


You were on level 9 of the Dungeon.
You worshipped Vehumet.
Vehumet was most pleased with you.
You visited 2 branches of the dungeon, and saw 10 of its levels.
You also visited: Ossuary.

You collected 433 gold pieces.

Inventory:

Hand Weapons
 n - a +0 shortbow
 C - a +3 sling (weapon)
 K - a +0 quarterstaff
Missiles
 A - a throwing net
Armour
 a - a +0 robe
 g - a +2 ring mail of fire resistance (worn)
 o - a +0 pair of boots (worn)
 D - a scarf of resistance (worn)
 L - an orb of energy (worn)
Jewellery
 d - a ring of poison resistance (left hand)
 i - a ring of fire
 m - a ring of fire
 z - an amulet of the acrobat (around neck)
 E - an amulet of faith
 J - an amulet of guardian spirit
Wands
 q - a wand of mindburst (7)
 G - a wand of polymorph (28)
 I - a wand of charming (8)
Scrolls
 c - 5 scrolls of teleportation
 f - a scroll of fog {unknown}
 j - a scroll of enchant weapon {unknown}
 k - 4 scrolls of identify
 l - a scroll of fear {unknown}
 p - a scroll of immolation {unknown}
 t - a scroll of enchant armour {unknown}
 w - a scroll of revelation {unknown}
 y - a scroll of vulnerability {unknown}
 F - 2 scrolls of blinking {unknown}
 H - a scroll of amnesia {unknown}
Potions
 b - 3 potions of magic
 e - 3 potions of lignification
 h - a potion of invisibility
 r - a potion of might
 s - 2 potions of degeneration {unknown}
 u - a potion of attraction
 v - a potion of heal wounds {unknown}
 x - 5 potions of haste {unknown}
 B - 4 potions of curing


   Skills:
 + Level 1.7 Fighting
 + Level 4.1 Ranged Weapons
 + Level 3.7 Armour
 + Level 3.5 Dodging
 - Level 3.1 Stealth
 + Level 12.5 Spellcasting
 + Level 5.9 Conjurations
 + Level 10.3 Earth Magic


You had 25 spell levels left.
You knew the following spells:

 Your Spells              Type           Power      Damage    Failure   Level
a - Sandblast             Erth           100%       2d20      1%          1
b - Stone Arrow           Conj/Erth      94%        3d12      1%          3
c - Passwall              Erth           54%        N/A       3%          3
d - Static Discharge      Conj/Air       50%        3-6/arc   4%          2

Your spell library contained the following spells:

 Spells                   Type           Power      Damage    Failure   Level
 Magic Dart               Conj           100%       1d8       1%          1
 Sting                    Conj/Alch      100%       1d9       3%          1
 Brom's Barrelling Bould  Conj/Erth      47%        2d6       4%          4
 Inner Flame              Hex/Fire       13%        N/A       19%         3
 Apportation              Tloc           26%        N/A       30%         1
 Necrotise                Necr           52%        1d6       30%         1
 Summon Small Mammal      Summ           52%        N/A       30%         1
 Petrify                  Alch/Erth      34%        N/A       34%         4
 Blink                    Tloc           26%        N/A       41%         2
 Call Imp                 Summ           26%        N/A       41%         2
 Cigotuvi's Dreadful Rot  Necr/Alch/Air  26%        N/A       41%         2
 Jinxbite                 Hex            26%        N/A       41%         2
 Irradiate                Conj/Alch      12%        3d15      41%         5
 Ignite Poison            Fire/Alch      13%        N/A       45%         4
 Freezing Cloud           Conj/Ice/Air   10%        6-21      52%         5
 Summon Ice Beast         Ice/Summ       13%        N/A       58%         3
 Alistair's Intoxication  Alch           8%         N/A       99%         5
 Summon Mana Viper        Hex/Summ       13%        N/A       99%         5
 Monstrous Menagerie      Summ           6%         N/A       100%        7
 Ignition                 Fire           6%         3d4       100%        8


Dungeon Overview and Level Annotations

Branches:
Dungeon (9/15)             Temple (1/1) D:4         Ossuary (visited)
   Lair: D:8-11         Orc: D:9-12

Altars:
Ashenzari
Cheibriados
Dithmenos
Elyvilon
Fedhas
Gozag
Hepliaklqana
Kikubaaqudgha
Makhleb
Nemelex Xobeh
Okawaru
Qazlal
Ru
Uskayaw
Vehumet
Wu Jian
Yredelemnul
The Shining One

Annotations:
D:6 2 transporters
Temple 2 transporters


Innate Abilities, Weirdness & Mutations

You possess an exceptional clarity of mind.
Your health recovers twice as slowly from being drained.


Message History

The blast of sand hits the hornet!!
The hornet is severely wounded.
The hornet stings you.
You are poisoned.
You feel yourself slow down. The hornet stings you.
The hornet stings you but does no damage.
Casting: Sandblast (safe; 1% risk of failure)
Confirm with . or Enter, or press ? or * to list all spells.
Aiming: Sandblast (safe; 1% risk of failure)
Press: ? - help, Shift-Dir - straight line, f/p - hornet
Aim: a hornet (severely wounded, 78% to hit)
The blast of sand hits the hornet.
The hornet is severely wounded.
You feel yourself speed up.
You feel very sick.
The hornet stings you but does no damage.
The hornet stings you!
You feel yourself slow down.
The hornet stings you but does no damage.
Casting: Sandblast (safe; 1% risk of failure)
Confirm with . or Enter, or press ? or * to list all spells.
Aiming: Sandblast (safe; 1% risk of failure)
Press: ? - help, Shift-Dir - straight line, f/p - hornet
Aim: a hornet (severely wounded, 78% to hit)
The blast of sand hits the hornet!
The hornet is almost dead.
You feel yourself speed up.
You feel very sick. The hornet barely misses you. The hornet stings you.
You feel yourself slow down. The hornet misses you.
Casting: Sandblast (safe; 1% risk of failure)
Confirm with . or Enter, or press ? or * to list all spells.
Aiming: Sandblast (safe; 1% risk of failure)
Press: ? - help, Shift-Dir - straight line, f/p - hornet
Aim: a hornet (almost dead, 78% to hit)
The blast of sand misses the hornet.
You feel yourself speed up.
You feel sick. The hornet stings you!
* * * LOW HITPOINT WARNING * * *
You feel yourself slow down. The hornet stings you.
You die...

##..... #....?.
#...... #.....#
#.....# .
#....)## ...
#......#..##.
#...y@.......
.......#.......
......# #....#.
...... ##....
..... ... #....
.. #... . ....


You could see a hornet.

Vanquished Creatures
  A two-headed ogre (D:8)
  A cyclops (D:7)
  Jeremiah (D:8)
  Sigmund (D:2)
  5 yaks (D:8)
  A shadow (D:8)
  A steam dragon (D:7)
  Menkaure (D:4)
  A water moccasin (D:8)
  A black bear (D:5)
  An ice beast (D:5)
  An orc warrior (D:5)
  2 ogres
  3 centaurs
  A kobold brigand (D:7)
  4 bullfrogs
  A gnoll sergeant (D:5)
  2 scorpions
  6 water moccasin zombies (Ossuary)
  3 wights (D:7)
  A burial acolyte (Ossuary)
  4 killer bees (D:6)
  A howler monkey (D:4)
  5 bombardier beetles
  A hound (D:5)
  A jelly (D:6)
  3 orc priests
  A sleepcap (D:8)
  4 iguanas
  Natasha (thrice) (D:3)
  2 orc wizards
  2 crocodile zombies (Ossuary)
  2 mummies (Ossuary)
  8 gnolls
  7 adders
  2 shadow imps
  A white imp (D:5)
  8 ufetubi
  4 adder zombies (Ossuary)
  2 ribbon worms (D:2)
  A dart slug (D:3)
  20 orcs
  9 ball pythons
  7 bats
  4 endoplasms
  A giant cockroach (D:3)
  8 goblins
  10 hobgoblins
  13 kobolds
  A quokka (D:4)
  5 frilled lizards
  9 gnoll zombies (Ossuary)
  3 jackal zombies (Ossuary)
  4 orc zombies (Ossuary)
  2 rats
197 creatures vanquished.

Vanquished Creatures (others)
  An orc wizard (D:5)
1 creature vanquished.

Grand Total: 198 creatures vanquished

Notes
Turn   | Place    | Note
-------+----------+-------------------------------------------
     0 | D:1      | PidgeyThePirate the Deep Elf Earth Elementalist began the
                  | quest for the Orb.
     0 | D:1      | Reached XP level 1. HP: 10/10 MP: 6/6
   273 | D:1      | Reached XP level 2. HP: 15/15 MP: 5/8
  1062 | D:2      | Found a snail-covered altar of Cheibriados.
  1066 | D:2      | Reached XP level 3. HP: 19/19 MP: 7/10
  1367 | D:2      | Learned a level 3 spell: Stone Arrow
  1407 | D:2      | Reached skill level 4 in Spellcasting
  1466 | D:2      | Reached XP level 4. HP: 24/24 MP: 6/12
  1715 | D:2      | Noticed Sigmund
  1718 | D:2      | Gained mutation: Your body sometimes deteriorates upon
                  | taking damage. [potion of mutation]
  1718 | D:2      | Gained mutation: You have a pair of small horns on your
                  | head. [potion of mutation]
  1746 | D:2      | Killed Sigmund
  1747 | D:2      | Reached skill level 5 in Spellcasting
  1747 | D:2      | Reached skill level 5 in Earth Magic
  1747 | D:2      | Reached XP level 5. HP: 21/28 MP: 9/15
  1802 | D:2      | Reached XP level 6. HP: 32/32 MP: 13/16
  2256 | D:3      | Lost mutation: Your body sometimes deteriorates upon taking
                  | damage. [potion of mutation]
  2256 | D:3      | Lost mutation: You have a pair of small horns on your head.
                  | [potion of mutation]
  2256 | D:3      | Gained mutation: Your health recovers twice as slowly from
                  | being drained. [potion of mutation]
  2256 | D:3      | Gained mutation: You possess an exceptional clarity of
                  | mind. [potion of mutation]
  2267 | D:3      | Found an opulent altar of Gozag.
  2326 | D:3      | Noticed Natasha
  2327 | D:3      | Killed Natasha
  2328 | D:3      | Reached skill level 6 in Spellcasting
  2355 | D:3      | Found an iron altar of Okawaru.
  2360 | D:3      | Found a white marble altar of Elyvilon.
  2362 | D:3      | Found a sparkling altar of Nemelex Xobeh.
  2540 | D:3      | Noticed Natasha
  2546 | D:3      | Killed Natasha
  2598 | D:3      | Noticed Natasha
  2605 | D:3      | Killed Natasha
  2895 | D:4      | Found an ancient bone altar of Kikubaaqudgha.
  2968 | D:4      | Found a staircase to the Ecumenical Temple.
  2972 | D:4      | Noticed Menkaure
  2982 | D:4      | Killed Menkaure
  2983 | D:4      | Reached skill level 1 in Armour
  2983 | D:4      | Reached XP level 7. HP: 10/36 MP: 8/19
  3114 | Temple   | Found a transporter.
  3114 | Temple   | Found a transporter.
  3114 | Temple   | Found a transporter.
  3114 | Temple   | Found a transporter.
  3114 | Temple   | Entered the Ecumenical Temple
  3136 | Temple   | Became a worshipper of Vehumet
  3218 | D:4      | Reached skill level 7 in Spellcasting
  3400 | D:4      | Reached skill level 1 in Ranged Weapons
  3821 | D:5      | Entered Level 5 of the Dungeon
  4062 | D:5      | Reached skill level 8 in Spellcasting
  4081 | D:5      | Found a sand-covered staircase.
  4088 | Ossuary  | Entered an ossuary
  4201 | Ossuary  | Reached * piety under Vehumet
  4201 | Ossuary  | Offered knowledge of Freeze by Vehumet.
  4202 | Ossuary  | Reached XP level 8. HP: 35/42 MP: 13/22
  4310 | Ossuary  | Reached skill level 9 in Spellcasting
  4442 | Ossuary  | Learned a level 3 spell: Passwall
  4901 | D:5      | Reached skill level 1 in Fighting
  5098 | D:5      | Reached ** piety under Vehumet
  5117 | D:5      | Offered knowledge of Shock by Vehumet.
  5147 | D:5      | Reached skill level 10 in Spellcasting
  5877 | D:6      | Reached XP level 9. HP: 47/47 MP: 14/25
  5928 | D:6      | Found a transporter.
  6308 | D:6      | Found a transporter.
  6780 | D:7      | Offered knowledge of Static Discharge by Vehumet.
  6977 | D:7      | Noticed a cyclops
  7063 | D:7      | Killed a cyclops
  7064 | D:7      | Reached skill level 11 in Spellcasting
  7064 | D:7      | Reached skill level 5 in Conjurations
  7376 | D:8      | Reached *** piety under Vehumet
  7377 | D:8      | Reached XP level 10. HP: 52/52 MP: 10/27
  7648 | D:8      | Noticed Jeremiah
  7705 | D:8      | Killed Jeremiah
  7706 | D:8      | Reached skill level 12 in Spellcasting
  7908 | D:8      | Noticed a two-headed ogre
  7914 | D:8      | Killed a two-headed ogre
  7915 | D:8      | Reached skill level 10 in Earth Magic
  8062 | D:8      | Learned a level 2 spell: Static Discharge
  8196 | D:9      | HP: 2/53 [hornet (14)]
  8196 | D:9      | Slain by a hornet

Illustrated notes

Levels and vault maps discovered:
D:1:      dpeg_arrival_erosion, layout_basic
D:2:      layout_basic, basic_altar, uniq_sigmund
D:3:      layout_basic, mainiacjoe_overflow_alcove_1,
          grunt_temple_overflow_open, uniq_natasha
D:4:      layout_basic, kiku_gazebo_pond_becter, minmay_temple_entry_tees,
          kennysheep_generic_room_5, uniq_menkaure
D:5:      layout_loops_ring, lightli_ossuary_entry_decrepit_ruins
D:6:      gammafunk_steamed_eel, layout_rooms
D:7:      layout_cave_pools
D:8:      layout_rooms, uniq_jeremiah
D:9:      argonaut_augean_stables, layout_cave_pools, kb_xom_exploding_sheep,
          nicolae_sif_muna_condensation, mainiacjoe_overflow_catch_the_wave,
          hiddenorc2_lemuel, glass_columns_a, item_on_display_b
Temple:   hellmonk_temple_divided_pantheon

Skill      XL: |  1  2  3  4  5  6  7  8  9 10 |
---------------+-------------------------------+-----
Earth Magic    | 4 5 6 8 9 10 | 10.3
Spellcasting   | 4 5 6 8 10 11 12 | 12.5
Stealth        | 3 |  3.1
Dodging        | 3 |  3.5
Armour         | 1 2 3 |  3.7
Ranged Weapons | 2 3 4 |  4.1
Fighting       | 1 |  1.7
Conjurations   | 2 5 |  5.9

Action                     |  1- 3 |  4- 6 |  7- 9 | 10-12 || total
---------------------------+-------+-------+-------+-------++-------
  Melee: Unarmed           |     1 |       |       |       ||     1
   Fire: Sling             |       |    10 |     6 |    11 ||    27
         Shortbow          |       |       |    17 |       ||    17
   Cast: Sandblast         |    54 |    45 |    94 |    43 ||   236
         Stone Arrow       |       |     3 |   111 |     8 ||   122
    Use: Potion            |       |     9 |     2 |       ||    11
         Scroll            |       |       |     2 |       ||     2
 Armour: Robe              |     6 |       |       |       ||     6
         Ring mail         |     3 |    18 |   120 |    25 ||   166
         Skin              |       |    12 |       |       ||    12
  Dodge: Dodged            |     4 |    15 |    81 |     9 ||   109

Table legend: (Time is in decaauts)
 A = Elapsed time spent in this place.
 B = Non-inter-level travel time spent in this place.
 C = Inter-level travel time spent in this place.
 D = Time resting spent in this place.
 E = Time spent auto-exploring this place.
 F = Levels seen in this place.
 G = Mean time per level.
                   A        B        C        D        E       F      G
               +--------+--------+--------+--------+--------+-----+--------+
         Total |   8346 |   7908 |    438 |      0 |   6251 |  11 |  758.7 |
       Dungeon |   7761 |   7323 |    438 |      0 |   5875 |   9 |  862.3 |
        Temple |     40 |     40 |      0 |      0 |      0 |   1 |   40.0 |
       Ossuary |    543 |    543 |      0 |      0 |    376 |   1 |  543.0 |
               +--------+--------+--------+--------+--------+-----+--------+

Top non-repeatable levels by time:
     D:5: 1427 daAuts
     D:4: 1220 daAuts
     D:1: 1180 daAuts
     D:2: 906 daAuts
     D:8: 854 daAuts
     D:6: 847 daAuts
     D:7: 718 daAuts
     D:3: 597 daAuts
 Ossuary: 543 daAuts
  Temple: 40 daAuts
     D:9: 9 daAuts
